 Dungeon Crawl Stone Soup version 0.31-a0-799-g6bc09d010c (webtiles) character file.

Game seed: 8915850622427606981

34 DApurpleWHUMPUS the Chiller (level 3, -6/19 HPs)
             Began as a Deep Elf Ice Elementalist on Sept 19, 2023.
             Killed by divine providence
             ... invoked by an orc priest
              (16 damage)
             ... on level 3 of the Dungeon.
             The game lasted 00:07:06 (1620 turns).

DApurpleWHUMPUS the Chiller (DEIE)                  Turns: 1620, Time: 00:07:07

Health: -6/19      AC:  3    Str:  5    XL:     3   Next: 14%
Magic:  10/10      EV: 12    Int: 21    God:
Gold:   106        SH:  0    Dex: 15    Spells: 8/9 levels left

rFire   . . .        i - staff of poison
rCold   . . .        (no shield)
rNeg    . . .        m - +0 leather armour
rPois   +            (no helmet)
rElec   .            (no cloak)
rCorr   .            (no gloves)
SInv    .            (no boots)
Will    .....        (no amulet)
Stlth   ++           (no ring)
HPRegen 0.23/turn    (no ring)
MPRegen 0.12/turn

%: no passive effects
@: no status effects
A: no striking features
a: no special abilities


You were on level 3 of the Dungeon.
You visited 1 branch of the dungeon, and saw 3 of its levels.

You collected 106 gold pieces.

Inventory:

Missiles
 d - 19 stones
Armour
 a - a +0 robe
 m - a +0 leather armour (worn)
Magical Staves
 i - a staff of poison (weapon)
Scrolls
 c - 2 scrolls of identify {unknown}
 f - a scroll of enchant armour {unknown}
 h - 2 scrolls of noise {unknown}
Potions
 b - a potion of magic
 e - 2 potions of cancellation {unknown}
 g - a potion of attraction {unknown}
 j - a potion of enlightenment {unknown}
 k - a potion of resistance {unknown}
 l - a potion of mutation {unknown}


   Skills:
 + Level 3.2 Dodging
 - Level 2.4 Stealth
 * Level 3.7 Spellcasting
 * Level 4.8 Ice Magic
 * Level 0.1 Evocations


You had 8 spell levels left.
You knew the following spells:

 Your Spells              Type           Power      Damage    Failure   Level
a - Freeze                Ice            96%        1d10      3%          1

Your spell library contained the following spells:

 Spells                   Type           Power      Damage    Failure   Level
 Frozen Ramparts          Ice            48%        1d8       9%          3
 Ozocubu's Armour         Ice            24%        N/A       9%          3
 Summon Ice Beast         Ice/Summ       14%        N/A       58%         4


Dungeon Overview and Level Annotations

Branches:
Dungeon (3/15)

Altars:

Shops:
D:2 *

Annotations:
D:2 1 transporter


Message History

Found a leather armour.
Found a stone staircase leading down.
Found a stone staircase leading down.
You see here a +0 leather armour.
Found a stone staircase leading up.
There is a stone staircase leading down here.
There is a stone staircase leading up here.
A goblin comes into view. It is wielding a +0 club.
There is a stone staircase leading up here.
There is a stone staircase leading down here.
There is a stone staircase leading down here.
You see here a +0 leather armour.
m - a +0 leather armour
Okay, then.
You start removing your armour.
You continue taking off your +0 robe. x4
You finish taking off your +0 robe.
You start putting on your armour.
You continue putting on your +0 leather armour. x5
You finish putting on your +0 leather armour.
Casting: Freeze (safe; 3% risk of failure)
Confirm with . or Enter, or press ? or * to list all spells.
Okay, then.
Key pressed, stopping explore.
You can't see any susceptible monsters within range! (Use Z to cast anyway.) Unknown command.
There is a stone staircase leading down here.
Found a leather armour.
Found a stone staircase leading up.
An orc priest and an orc wizard come into view.
An orc comes into view. It is wielding a +0 war axe.
The orc priest shouts!
The orc shouts!
A goblin comes into view. It is wielding a +0 dagger.
The orc wizard shouts!
The orc priest invokes the aid of Beogh against you.
Beogh smites you!
Ouch! That really hurt!
Found a ruby potion.
The orc priest calls down the wrath of Beogh upon you.
Beogh smites you!
Ouch! That really hurt!
You die...

.........# ##.
g........# ...
.........##.#
............ #
.......goo# #####
.....?....## #....
###[......#############
####..#............#
#@#############.##
#!....<.# #<..
......... ###>
.......... ##
..........# #
..........# .........##
#...#...##


You could see an orc priest, an orc and a goblin.

Vanquished Creatures
  2 worms (D:2)
  3 endoplasms
  4 goblins (D:1)
  2 hobgoblins (D:1)
  2 quokkas (D:1)
  3 ball pythons
  3 bats
  2 frilled lizards (D:1)
  2 kobolds (D:1)
  4 rats
27 creatures vanquished.

Notes
Turn   | Place    | Note
-------+----------+-------------------------------------------
     0 | D:1      | DApurpleWHUMPUS the Deep Elf Ice Elementalist began the
                  | quest for the Orb.
     0 | D:1      | Reached XP level 1. HP: 10/10 MP: 6/6
   271 | D:1      | Reached XP level 2. HP: 15/15 MP: 5/8
   572 | D:1      | Found a faded altar of an unknown god.
  1145 | D:2      | Reached XP level 3. HP: 19/19 MP: 5/10
  1183 | D:2      | Found a transporter.
  1185 | D:2      | Found Zoumoipp's General Store.
  1241 | D:2      | Noticed a phantom
  1620 | D:3      | Killed from afar by an orc priest

Illustrated notes

Levels and vault maps discovered:
D:1:      dpeg_arrival_fog, layout_basic, chequers_ecumenical_altar_lobes
D:2:      layout_loops_ring, serial_shops, nicolae_shop_drivethru
D:3:      layout_rooms

Skill      XL: |  1  2 |
---------------+-------+-----
Dodging        | 3 |  3.2
Stealth        | |  2.4
Spellcasting   | |  3.7
Ice Magic      | |  4.8
Evocations     | |  0.1

Action                     || total
---------------------------++-------
  Melee: Unarmed           ||     2
         Staff             ||     3
   Cast: Freeze            ||    42
 Armour: Robe              ||    18
  Dodge: Dodged            ||    18

Table legend: (Time is in decaauts)
 A = Elapsed time spent in this place.
 B = Non-inter-level travel time spent in this place.
 C = Inter-level travel time spent in this place.
 D = Time resting spent in this place.
 E = Time spent auto-exploring this place.
 F = Levels seen in this place.
 G = Mean time per level.
                   A        B        C        D        E       F      G
               +--------+--------+--------+--------+--------+-----+--------+
         Total |   1619 |   1529 |     90 |    188 |    970 |   3 |  539.7 |
       Dungeon |   1619 |   1529 |     90 |    188 |    970 |   3 |  539.7 |
               +--------+--------+--------+--------+--------+-----+--------+

Top non-repeatable levels by time:
     D:1: 838 daAuts
     D:2: 448 daAuts
     D:3: 332 daAuts
